 Dungeon Crawl Stone Soup version 0.32-a0-42-ga30500b4d3 (webtiles) character file.

Game seed: 15273089010133743339

1652 lunkers the Frost Mage (level 9, -3/74 HPs)
             Began as an Oni Ice Elementalist on Feb 1, 2024.
             Slain by Edmund
             ... wielding a +1 dire flail of holy wrath
              (10 damage)
             ... on level 6 of the Dungeon.
             The game lasted 00:10:49 (5617 turns).

lunkers the Frost Mage (Oni Ice Elementalist)       Turns: 5617, Time: 00:10:49

Health: -3/74      AC:  4    Str: 14    XL:     9   Next: 0%
Magic:  19/27      EV:  9    Int: 20    God:
Gold:   218        SH:  0    Dex:  9    Spells: 11/21 levels left

rFire   . . .        b - +5 sling
rCold   . . .        (no shield)
rNeg    . . .        a - +1 robe
rPois   .            (helmet restricted)
rElec   .            (no cloak)
rCorr   .            (gloves unavailable)
SInv    .            (boots unavailable)
Will    .....        (no amulet)
Stlth   +            j - ring of magical power
HPRegen 0.32/turn    (no ring)
MPRegen 0.20/turn

%: no passive effects
@: freezing walls
A: large, unfitting armour, horns 1, tough skin 1, double potion healing,
drunken brawling
a: no special abilities


You were on level 6 of the Dungeon.
You visited 1 branch of the dungeon, and saw 6 of its levels.

You collected 218 gold pieces.

Inventory:

Hand Weapons
 b - a +5 sling (weapon)
 t - a +4 quarterstaff of chaos
Armour
 a - a +1 robe (worn)
 u - a +0 cloak
Magical Staves
 e - a staff of alchemy
Jewellery
 j - a ring of magical power (left hand)
 l - a ring of ice
 o - an amulet of faith
Wands
 p - a wand of polymorph (12)
Scrolls
 d - 2 scrolls of teleportation
 i - 3 scrolls of immolation
 r - a scroll of amnesia
Potions
 c - a potion of mutation
 f - 2 potions of attraction
 g - a potion of heal wounds
 h - 2 potions of brilliance
 k - a potion of curing {unknown}
 m - 2 potions of resistance
 n - 2 potions of haste
 q - a potion of lignification {unknown}
 s - a potion of enlightenment {unknown}


   Skills:
 - Level 1.7 Dodging
 - Level 1.4 Stealth
 + Level 6.6 Spellcasting
 * Level 4.4 Summonings
 * Level 8.2 Ice Magic


You had 11 spell levels left.
You knew the following spells:

 Your Spells              Type           Power      Damage    Failure   Level
b - Frozen Ramparts       Ice            78%        1d12      1%          3
c - Ozocubu's Armour      Ice            39%        N/A       1%          3
d - Summon Ice Beast      Ice/Summ       32%        N/A       2%          3
p - Freeze                Ice            100%       1d10      1%          1

Your spell library contained the following spells:

 Spells                   Type           Power      Damage    Failure   Level
 Apportation              Tloc           12%        N/A       10%         1
 Jinxbite                 Hex            12%        N/A       16%         2
 Lesser Beckoning         Tloc           12%        N/A       16%         2
 Gell's Gravitas          Tloc           6%         N/A       30%         3
 Teleport Other           Tloc           6%         N/A       30%         3
 Alistair's Intoxication  Alch           4%         N/A       95%         5


Dungeon Overview and Level Annotations

Branches:
Dungeon (6/15)
 Temple: D:4-7

Altars:
Okawaru

Shops:
D:4 (

Annotations:
D:6 Edmund, Menkaure


Innate Abilities, Weirdness & Mutations

You are too large for most types of armour.
You have a pair of small horns on your head.
You have tough skin. (AC +1)
You gain doubled healing and magic from potions.
Whenever you drink a healing potion, you attack all around you.


Message History

The wall freezes the orc.
You kill the orc!
Unknown command.
Fire: b) +5 sling
Press: ? - help, Q - select action, (/) - cycle Shift-Dir - straight line, f/p - Edmund
Aim: Edmund, wielding a +1 dire flail of holy wrath and wearing a +0 chain mail (severely wounded, ally target, 65% to hit)
You shoot a sling bullet.
The sling bullet completely misses Edmund.
The sling bullet barely misses Menkaure.
The frozen ramparts melt away.
Edmund completely misses you.
Menkaure giggles, "These cerements are ticklish..."
Edmund gestures with his flail.
Edmund hits you with a +1 dire flail of holy wrath!
* * * LOW HITPOINT WARNING * * *
Unknown command.
Fire: b) +5 sling
Press: ? - help, Q - select action, (/) - cycle Shift-Dir - straight line, f/p - Edmund
Aim: Edmund, wielding a +1 dire flail of holy wrath and wearing a +0 chain mail (severely wounded, ally target, 65% to hit)
You shoot a sling bullet. The sling bullet barely misses Edmund.
The sling bullet barely misses Menkaure.
Your ice beast hits Edmund but does no damage.
Edmund closely misses you.
Menkaure blazes with dark energy!
Menkaure casts a spell.
Menkaure seems to speed up.
Unknown command.
Casting: Summon Ice Beast (mildly dangerous; 2% risk of failure)
Confirm with . or Enter, or press ? or * to list all spells.
Casting: Frozen Ramparts (safe; 1% risk of failure)
Press: ? - help, Dir - look around, f - activate The walls around you are covered in ice.
Your ice beast closely misses Edmund.
Menkaure calls on the powers of darkness!
Edmund convulses!
Your body is wracked with pain!
* * * LOW HITPOINT WARNING * * *
Your ice beast convulses!
The wall freezes Edmund.
Edmund hits you with a +1 dire flail of holy wrath!
You die...
Edmund says, "That'll show my brother!"

.......[....>.....#
...##########.....#
'### #.....# .#
##'#'## .# #.#.# .#
#####+#'#### .#
...........# ##
...........# ##
.......@Y..# .#
..###+#@#### .# #
.)† .# ..M.. )#
....... ##
+?.......
#.........
##.........


You could see Edmund (ally target), Menkaure (fast) and a friendly ice beast
(summoned).

Vanquished Creatures
  Grinder (D:3)
  A water moccasin (D:5)
  An ogre (D:6)
  Blork the orc (D:6)
  4 scorpions
  A howler monkey (D:6)
  3 bombardier beetles
  3 orc priests (D:5)
  Crazy Yiuf (D:5)
  2 hounds (D:5)
  Jessica (D:3)
  3 iguanas
  7 orc wizards (D:5)
  Robin (D:3)
  5 adders
  3 gnolls (D:6)
  A white imp (D:5)
  2 ufetubi (D:5)
  2 ribbon worms
  20 orcs
  8 endoplasms
  15 goblins
  12 hobgoblins
  4 jackals (D:4)
  3 quokkas
  6 ball pythons
  8 bats
  2 frilled lizards
  7 kobolds
  9 rats
137 creatures vanquished.

Vanquished Creatures (collateral kills)
  Sigmund (D:4)
  An endoplasm (D:4)
2 creatures vanquished.

Grand Total: 139 creatures vanquished

Notes
Turn   | Place    | Note
-------+----------+-------------------------------------------
     0 | D:1      | lunkers the Oni Ice Elementalist began the quest for the
                  | Orb.
     0 | D:1      | Reached XP level 1. HP: 16/16 MP: 3/3
   123 | D:1      | Reached XP level 2. HP: 19/24 MP: 0/5
   236 | D:1      | Reached skill level 4 in Ice Magic
   751 | D:1      | Reached XP level 3. HP: 31/31 MP: 2/7
  1401 | D:2      | Found an iron altar of Okawaru.
  1682 | D:2      | Learned a level 3 spell: Frozen Ramparts
  1686 | D:2      | Learned a level 3 spell: Ozocubu's Armour
  2074 | D:3      | Noticed a scorpion
  2075 | D:3      | Reached XP level 4. HP: 39/39 MP: 7/9
  2081 | D:3      | Killed a scorpion
  2082 | D:3      | Reached skill level 5 in Ice Magic
  2082 | D:3      | Reached XP level 5. HP: 41/45 MP: 1/10
  2275 | D:3      | Noticed Grinder
  2298 | D:3      | Noticed Robin
  2298 | D:3      | Noticed Jessica
  2322 | D:3      | Killed Jessica
  2331 | D:3      | HP: 2/45 [Robin/+0 whip of freezing (1)]
  2332 | D:3      | Killed Robin
  2687 | D:3      | Reached XP level 6. HP: 53/53 MP: 10/12
  2893 | D:3      | Paralysed by Grinder for 2 turns
  2905 | D:3      | Paralysed by Grinder for 4 turns
  2921 | D:3      | Killed Grinder
  2922 | D:3      | Reached skill level 6 in Ice Magic
  3026 | D:4      | Reached skill level 5 in Spellcasting
  3026 | D:4      | Reached XP level 7. HP: 36/59 MP: 10/14
  3590 | D:4      | Learned a level 3 spell: Summon Ice Beast
  3672 | D:4      | Noticed Sigmund
  3684 | D:4      | Killed Sigmund
  3685 | D:4      | Reached skill level 1 in Summonings
  3811 | D:4      | Found Duunyuq's Antique Weapon Boutique.
  3830 | D:4      | Reached skill level 7 in Ice Magic
  3992 | D:5      | Entered Level 5 of the Dungeon
  4052 | D:5      | Reached XP level 8. HP: 32/67 MP: 16/16
  4478 | D:5      | Found a runed translucent door.
  4479 | D:5      | Noticed Crazy Yiuf
  4614 | D:5      | Killed Crazy Yiuf
  5298 | D:6      | Reached skill level 8 in Ice Magic
  5398 | D:6      | Noticed Blork the orc
  5468 | D:6      | Killed Blork the orc
  5608 | D:6      | Noticed Edmund
  5610 | D:6      | Noticed Menkaure
  5614 | D:6      | Reached XP level 9. HP: 30/74 MP: 18/18
  5617 | D:6      | Slain by Edmund

Illustrated notes

Levels and vault maps discovered:
D:1:      onia_arrival_handbag, layout_basic, minmay_cut_off
D:2:      layout_basic, basic_altar
D:3:      layout_rooms, serial_park_tiny_2, uniq_grinder, uniq_robin,
          uniq_jessica
D:4:      layout_cave_pools, serial_shops, shop, uniq_sigmund
D:5:      layout_gridville, uniq_crazy_yiuf_cottage
D:6:      layout_basic, uniq_menkaure, uniq_edmund, uniq_blork_the_orc

Skill      XL: |  1  2  3  4  5  6  7  8 |
---------------+-------------------------+-----
Ice Magic      | 4 5 6 7 8 |  8.2
Spellcasting   | 3 4 5 6 |  6.6
Summonings     | 2 4 |  4.4
Dodging        | |  1.7
Stealth        | |  1.4

Action                     |  1- 3 |  4- 6 |  7- 9 || total
---------------------------+-------+-------+-------++-------
  Melee: Unarmed           |     1 |       |     6 ||     7
         Headbutt          |     1 |       |       ||     1
         Staff             |       |     4 |       ||     4
   Fire: Sling             |       |    16 |   151 ||   167
   Cast: Freeze            |    64 |    39 |    30 ||   133
         Frozen Ramparts   |       |     4 |    14 ||    18
         Ozocubu's Armour  |       |     1 |       ||     1
         Summon Ice Beast  |       |       |     3 ||     3
    Use: Scroll            |       |     9 |     4 ||    13
         Potion            |       |     1 |       ||     1
 Armour: Robe              |    31 |    26 |   146 ||   203
         Skin              |       |       |     2 ||     2
  Dodge: Dodged            |    17 |    18 |    89 ||   124

Table legend: (Time is in decaauts)
 A = Elapsed time spent in this place.
 B = Non-inter-level travel time spent in this place.
 C = Inter-level travel time spent in this place.
 D = Time resting spent in this place.
 E = Time spent auto-exploring this place.
 F = Levels seen in this place.
 G = Mean time per level.
                   A        B        C        D        E       F      G
               +--------+--------+--------+--------+--------+-----+--------+
         Total |   5681 |   5557 |    124 |      0 |   4630 |   6 |  946.8 |
       Dungeon |   5681 |   5557 |    124 |      0 |   4630 |   6 |  946.8 |
               +--------+--------+--------+--------+--------+-----+--------+

Top non-repeatable levels by time:
     D:5: 1314 daAuts
     D:1: 1066 daAuts
     D:2: 997 daAuts
     D:4: 984 daAuts
     D:3: 961 daAuts
     D:6: 357 daAuts
